 Dungeon Crawl Stone Soup version 0.27-a0-1139-g28e009f8a6 (webtiles) character file.

Game seed: 12750633241241401211

7002 leviel the Cleaver (level 10, -3/86 HPs)
             Began as a Minotaur Fighter on May 7, 2021.
             Was an Elder of Fedhas.
             Slain by a hornet (10 damage)
             ... on level 8 of the Dungeon.
             The game lasted 00:12:54 (9775 turns).

leviel the Cleaver (Minotaur Fighter)               Turns: 9775, Time: 00:12:56

Health: -3/86      AC: 18    Str: 24    XL:     10   Next: 82%
Magic:  9/9        EV:  6    Int:  5    God:    Fedhas [****..]
Gold:   203        SH: 11    Dex: 10    Spells: 9/9 levels left

rFire    . . .     SeeInvis .   b - +4 hand axe
rCold    . . .     Faith    .   c - +0 kite shield
rNeg     . . .     Spirit   .   e - +3 plate armour
rPois    .         Reflect  .   (helmet restricted)
rElec    .         Harm     .   m - +0 cloak
rCorr    .         Rampage  .   (no gloves)
Will     .....                  (no boots)
Stlth    ..........             (no amulet)
HPRegen  0.24/turn              (no ring)
MPRegen  0.11/turn              (no ring)

@: mighty
A: horns 2, retaliatory headbutt
a: Renounce Religion, Wall of Briars, Grow Ballistomycete, Overgrow


You were on level 8 of the Dungeon.
You worshipped Fedhas.
Fedhas was greatly pleased with you.
You visited 2 branches of the dungeon, and saw 10 of its levels.

You collected 325 gold pieces.
You spent 122 gold pieces at shops.

Inventory:

Hand Weapons
 a - a +0 war axe
 b - a +4 hand axe (weapon)
Armour
 c - a +0 kite shield (worn)
 e - a +3 plate armour (worn)
 m - a +0 cloak (worn)
Wands
 i - a wand of flame (17) (quivered)
 v - a wand of mindburst (14)
 x - a wand of iceblast (6)
 y - a wand of polymorph (3)
Scrolls
 f - a scroll of identify
 g - a scroll of acquirement {unknown}
 j - 2 scrolls of fear {unknown}
 k - a scroll of brand weapon {unknown}
 l - 3 scrolls of teleportation {unknown}
 p - 5 scrolls of immolation {unknown}
 r - a scroll of noise {unknown}
 u - a scroll of amnesia {unknown}
 w - a scroll of blinking {unknown}
Potions
 d - a potion of might
 h - a potion of ambrosia {unknown}
 o - 2 potions of cancellation {unknown}
 q - a potion of invisibility {unknown}
 s - a potion of degeneration {unknown}
 t - a potion of berserk rage {unknown}
 z - a potion of mutation {unknown}


   Skills:
 + Level 7.3 Fighting
 * Level 14.0 Axes
 + Level 9.7 Armour
 + Level 1.0 Dodging
 + Level 8.6 Shields
 + Level 1.1 Invocations
 + Level 0.4 Evocations


You had 9 spell levels left.
You didn't know any spells.
Your spell library contained the following spells:

 Spells                   Type           Power      Damage    Failure   Level
 Animate Skeleton         Necr           0%         N/A       100%        1
 Apportation              Tloc           0%         N/A       100%        1
 Corona                   Hex            0%         N/A       100%        1
 Summon Small Mammal      Summ           0%         N/A       100%        1


Dungeon Overview and Level Annotations

Branches:
Dungeon (9/15)             Temple (1/1) D:6            Lair (0/6) D:9
    Orc: D:9-12

Altars:
Ashenzari
Cheibriados
Dithmenos
Elyvilon
Fedhas
Hepliaklqana
Kikubaaqudgha
Makhleb
Okawaru
Qazlal
Ru
Sif Muna
Trog
Uskayaw
Vehumet
Wu Jian
Xom
Zin

Shops:
D:1 [   D:4 ?   D:5 *[[[*   D:6 *

Annotations:
D:3 1 runed translucent door, leviel's ghost, amateur MiFi


Innate Abilities, Weirdness & Mutations

You have a pair of horns on your head.
You reflexively headbutt those who attack you in melee.


Message History

You feel sick. You block the hornet's attack.
You feel sick.
You feel sick.
The hornet stings you but does no damage.
The warg bites you!
* * * LOW HITPOINT WARNING * * *
You feel sick.
You feel sick.
The hornet stings you but does no damage.
Unknown command.
You feel better.
The hornet stings you but does no damage.
You block the hornet's attack. You block the warg's attack.
There is a stone staircase leading up here.
The hornet stings you!
* * * LOW HITPOINT WARNING * * *
You feel yourself slow down. You block the warg's attack.
The hornet stings you but does no damage.
You climb upwards.
Reactivating autopickup.
You feel yourself speed up.
There is a stone staircase leading down here.
You feel better. The warg bites you!
* * * LOW HITPOINT WARNING * * *
You block the hornet's attack. The warg closely misses you.
You feel better. You block the hornet's attack.
The hornet stings you but does no damage.
The warg bites you but does no damage.
You feel very mighty all of a sudden. The hornet stings you.
* * * LOW HITPOINT WARNING * * *
You feel yourself slow down. The warg bites you but does no damage.
You slash the hornet!
The hornet is moderately wounded.
You barely miss the warg.
You feel yourself speed up. You block the hornet's attack.
The warg bites you but does no damage. The hornet stings you!
You die...
Fedhas appreciates your contribution to the ecosystem.

#.##...#.##.# #.#
#.####### #.##.###.##.#
#### #...).... #.##.#
#.##.## #_# #########
#.##.# #.#...###'#
..##.# #...#.)#..# ##
≈...)#####....#.## #.
≈...........#.#.## #.
≈÷...########..h.######
#. ≈≈...# #...@y....#
#.
≈≈≈..########....####.#
#. ≈≈≈...........#.##
#.# #.
≈≈≈≈########..### #.#
#. ≈≈≈.# #..# ##.# #.
≈≈≈.# #..# #..# #.
≈≈..# #..# #.## #.
≈≈..# #..#### #.# ##
....# #..)..#
#.############


You could see a hornet and a warg.

Vanquished Creatures
  A hornet (D:8)
  A wyvern (D:8)
  17 yaks
  A steam dragon (D:8)
  Menkaure (D:5)
  2 wargs (D:9)
  Duvessa (D:7)
  2 water moccasins (D:6)
  An acid dragon (D:7)
  2 ice beasts (D:7)
  A hornet zombie (D:8)
  2 orc warriors
  2 black bears
  A sky beast (D:7)
  An ogre (D:4)
  3 centaurs
  2 phantoms
  4 bullfrogs
  5 scorpions
  Dowan (D:7)
  2 water moccasin skeletons
  7 wights
  2 electric eels (D:8)
  3 howler monkeys (D:7)
  A centaur zombie (D:8)
  A bullfrog zombie (D:5)
  4 bullfrog skeletons
  2 orc priests
  2 gnoll shamans
  A hound (D:4)
  A centaur skeleton (D:5)
  An iguana (D:5)
  6 orc wizards
  A hound zombie (D:5)
  2 hound skeletons (D:5)
  A howler monkey zombie (D:6)
  22 gnolls
  6 adders
  A shadow imp (D:7)
  A white imp (D:6)
  2 worms (D:3)
  3 dart slugs
  31 orcs
  14 bats
  2 endoplasms
  5 giant cockroaches
  7 goblins
  10 hobgoblins
  11 jackals
  5 kobolds
  6 quokkas
  5 ball pythons
  3 frilled lizards
  A quokka skeleton (D:4)
  3 rats
226 creatures vanquished.

Vanquished Creatures (others)
  2 orcs (D:8)
  15 fungi (D:7)
  10 plants
27 creatures vanquished.

Grand Total: 253 creatures vanquished

Notes
Turn   | Place    | Note
-------+----------+-------------------------------------------
     0 | D:1      | leviel the Minotaur Fighter began the quest for the Orb.
     0 | D:1      | Reached XP level 1. HP: 19/19 MP: 0/0
    26 | D:1      | Reached XP level 2. HP: 15/27 MP: 1/1
   549 | D:1      | Reached skill level 3 in Axes
   609 | D:1      | Reached XP level 3. HP: 33/33 MP: 2/2
   726 | D:1      | Found Qacu's Armour Shop.
   892 | D:2      | Found a faded altar of an unknown god.
  1712 | D:3      | Found a runed translucent door.
  1712 | D:3      | Noticed leviel's ghost (amateur MiFi)
  2015 | D:3      | Reached XP level 4. HP: 40/40 MP: 3/3
  2188 | D:3      | Found a blossoming altar of Fedhas.
  2188 | D:3      | Noticed a scorpion
  2201 | D:3      | Killed a scorpion
  2202 | D:3      | Reached skill level 4 in Axes
  2487 | D:3      | Became a worshipper of Fedhas Madash
  2579 | D:4      | Reached XP level 5. HP: 45/46 MP: 4/4
  2589 | D:4      | Reached skill level 5 in Axes
  2816 | D:4      | Noticed a black bear
  2820 | D:4      | Reached * piety under Fedhas
  2821 | D:4      | Reached XP level 6. HP: 53/53 MP: 5/5
  2869 | D:4      | Reached skill level 6 in Axes
  2869 | D:4      | Reached skill level 5 in Shields
  3055 | D:4      | Found Rivaekh's Magic Scroll Shop.
  3063 | D:4      | Bought a scroll of enchant armour for 82 gold pieces
  3063 | D:4      | Bought a scroll of identify for 22 gold pieces
  3079 | D:4      | Reached skill level 7 in Axes
  3231 | D:4      | Reached skill level 5 in Armour
  3231 | D:4      | Reached XP level 7. HP: 47/60 MP: 6/6
  3561 | D:5      | Entered Level 5 of the Dungeon
  3572 | D:5      | Found Motinne's Assorted Antiques.
  3596 | D:5      | Found a shimmering blue altar of Sif Muna.
  3618 | D:5      | Reached skill level 8 in Axes
  3762 | D:5      | Found Kuub's Antique Armour Shop.
  3788 | D:5      | Found Xais's Armour Shop.
  4031 | D:5      | Reached skill level 5 in Fighting
  4032 | D:5      | Reached ** piety under Fedhas
  4102 | D:5      | Found Issir's Assorted Antiques.
  4103 | D:5      | Noticed Menkaure
  4109 | D:5      | Killed Menkaure
  4111 | D:5      | Reached XP level 8. HP: 48/68 MP: 7/7
  4209 | D:5      | Bought a wand of flame (10) for 18 gold pieces
  4233 | D:5      | Found Qanask's Antique Armour Shop.
  4327 | D:5      | Reached skill level 9 in Axes
  4342 | D:5      | Reached skill level 10 in Axes
  5129 | D:6      | Reached XP level 9. HP: 62/75 MP: 8/8
  5317 | D:6      | Reached skill level 11 in Axes
  5503 | D:6      | Found Zin's Purification Station.
  5505 | D:6      | Found a glowing silver altar of Zin.
  5860 | D:6      | Found a staircase to the Ecumenical Temple.
  5874 | D:6      | Reached *** piety under Fedhas
  5886 | Temple   | Entered the Ecumenical Temple
  6240 | D:7      | Reached skill level 12 in Axes
  6256 | D:7      | Reached skill level 1 in Invocations
  6532 | D:7      | Reached XP level 10. HP: 67/84 MP: 9/9
  7030 | D:7      | Reached skill level 13 in Axes
  7075 | D:7      | Noticed Dowan
  7076 | D:7      | Noticed Duvessa
  7080 | D:7      | Killed Dowan
  7090 | D:7      | Killed Duvessa
  7624 | D:8      | Reached **** piety under Fedhas
  7820 | D:8      | Paralysed by a hornet for 3 turns
  9161 | D:8      | Found an iron altar of Okawaru.
  9719 | D:9      | Found a staircase to the Lair.
  9743 | D:9      | Reached skill level 14 in Axes
  9743 | D:9      | Reached skill level 1 in Dodging
  9747 | D:9      | Paralysed by a hornet for 1 turns
  9764 | D:9      | HP: 4/86 [warg (8)]
  9770 | D:9      | HP: 4/86 [hornet (9)]
  9772 | D:8      | HP: 1/86 [warg (10)]
  9775 | D:8      | Slain by a hornet

Illustrated notes

Levels and vault maps discovered:
D:1:      nzn_arrival_water_spiral, layout_rooms, serial_shops, shop,
          ebering_dispersal_statue_hall, wander_ebering_terrifying_dragon_lair
D:2:      layout_basic, ebering_ecumenical_altar_mist
D:3:      layout_rooms, hellmonk_ghost_happy_afterlife, kennysheep_flooded_box
D:4:      layout_rooms, serial_shops, shop, gup_sewer_entry_pipe,
          minmay_misc_feat_iff
D:5:      layout_basic, lemuel_tele_altar, serial_rivers,
          chequers_serial_rivers_large_b, chequers_serial_rivers_small_3,
          chequers_serial_rivers_micro_d, chequers_serial_rivers_micro_b,
          serial_shops, shop, nicolae_shop_trees,
          nicolae_shop_overgrown_old_shop, nicolae_shop_waterfront, shop,
          uniq_menkaure
D:6:      layout_cave_pools, nicolae_overflow_hidden_temple, zin_purify,
          minmay_temple_entry_overgrown
D:7:      old_forge, layout_rooms, hex_large, uniq_duvessa
D:8:      statuecave_lemuel, layout_loops_ring, kennysheep_mini,
          minmay_stone_trees_large
D:9:      layout_stronghold, erik_lair_orcish_takeover, erik_orc_1,
          minivault_25_ag
Temple:   nicolae_temple_no_exploring_needed

Skill      XL: |  1  2  3  4  5  6  7  8  9 10 |
---------------+-------------------------------+-----
Shields        | 4 5 6 7 8 |  8.6
Fighting       | 4 5 6 7 |  7.3
Axes           | 3 4 5 7 8 10 12 14 | 14.0
Armour         | 4 5 7 8 9 |  9.7
Invocations    | 1 |  1.1
Dodging        | 1 |  1.0
Evocations     | |  0.4

Action                   |  1- 3 |  4- 6 |  7- 9 | 10-12 || total
-------------------------+-------+-------+-------+-------++-------
Melee: War axe           |   124 |    98 |   293 |    10 ||   525
       Headbutt          |    16 |    20 |    64 |    61 ||   161
       Hand axe          |       |       |       |   236 ||   236
       Unarmed           |       |       |       |    10 ||    10
Throw: Throwing net      |       |       |     1 |       ||     1
Invok: Wall of Briars    |       |       |     1 |       ||     1
       Grow Ballistomyce |       |       |     1 |       ||     1
Evoke: Wand              |       |       |       |     5 ||     5
  Use: Scroll            |     2 |       |     6 |       ||     8
       Potion            |       |       |     2 |     7 ||     9
Armor: Scale mail        |    10 |       |       |       ||    10
       Plate armour      |    77 |    71 |   161 |   122 ||   431
Dodge: Dodged            |    24 |    23 |    54 |    47 ||   148
Block: Kite shield       |    76 |    57 |   159 |   111 ||   403

Table legend: (Time is in decaauts)
 A = Elapsed time spent in this place.
 B = Non-inter-level travel time spent in this place.
 C = Inter-level travel time spent in this place.
 D = Time resting spent in this place.
 E = Time spent auto-exploring this place.
 F = Levels seen in this place.
 G = Mean time per level.
                   A        B        C        D        E       F      G
               +--------+--------+--------+--------+--------+-----+--------+
         Total |   9924 |   9731 |    193 |   2064 |   6139 |  10 |  992.4 |
       Dungeon |   9907 |   9714 |    193 |   2048 |   6139 |   9 | 1100.8 |
        Temple |     17 |     17 |      0 |     16 |      0 |   1 |   17.0 |
               +--------+--------+--------+--------+--------+-----+--------+

Top non-repeatable levels by time:
     D:8: 1985 daAuts
     D:7: 1413 daAuts
     D:5: 1322 daAuts
     D:4: 1307 daAuts
     D:3: 986 daAuts
     D:6: 952 daAuts
     D:1: 925 daAuts
     D:2: 754 daAuts
     D:9: 259 daAuts
  Temple: 17 daAuts
